 Dungeon Crawl Stone Soup version 0.30-a0-651-g0755cc6dcf (webtiles) character file.

Game seed: 3225670915074082775

1024 Citaku the Covered (level 8, 0/70 HPs)
             Began as a Minotaur Fighter on Jan 18, 2023.
             Engulfed by a steam dragon's steam (8 damage)
             ... on level 6 of the Dungeon.
             The game lasted 00:05:25 (3805 turns).

Citaku the Covered (Minotaur Fighter)               Turns: 3805, Time: 00:05:25

Health: 0/70       AC: 11    Str: 23    XL:     8   Next: 2%
Magic:  7/7        EV:  8    Int:  9    God:
Gold:   284        SH: 13    Dex:  6    Spells: 7/7 levels left

rFire   . . .      SeeInvis .    a - +0 war axe
rCold   + . .      Faith    .    A - +0 kite shield
rNeg    . . .      Spirit   .    b - +0 scale mail
rPois   .          Reflect  +    (helmet unavailable)
rElec   .          Harm     .    y - +0 cloak
rCorr   .          Rampage  .    e - +1 pair of gloves
Will    .....                    (no boots) Stlth
                                 r - amulet of reflection
HPRegen 0.31/turn                u - ring of protection from cold
MPRegen 0.10/turn                (no ring)

@: no status effects
A: horns 3, retaliatory headbutt, clever 1, clumsy 1
a: no special abilities


You were on level 6 of the Dungeon.
You visited 1 branch of the dungeon, and saw 6 of its levels.

You collected 284 gold pieces.

Inventory:

Hand Weapons
 a - a +0 war axe (weapon)
Armour
 b - a +0 scale mail (worn)
 e - a +1 pair of gloves (worn)
 y - a +0 cloak (worn)
 A - a +0 kite shield (worn)
Jewellery
 r - an amulet of reflection (around neck)
 u - a ring of protection from cold (left hand)
Wands
 d - a wand of paralysis (11)
 v - a wand of iceblast (13)
 w - a wand of polymorph (12)
 B - a wand of digging (5)
 E - a wand of light (1)
Scrolls
 g - 2 scrolls of magic mapping {unknown}
 j - 6 scrolls of identify {unknown}
 m - a scroll of torment {unknown}
 o - 2 scrolls of amnesia {unknown}
 p - 2 scrolls of acquirement {unknown}
 q - 2 scrolls of teleportation {unknown}
 s - 2 scrolls of noise {unknown}
 t - a scroll of immolation {unknown}
 x - a scroll of fog {unknown}
 z - a scroll of silence {unknown}
 D - a scroll of vulnerability {unknown}
 F - a scroll of poison {unknown}
Potions
 c - 2 potions of haste {unknown}
 f - a potion of heal wounds {unknown}
 h - 4 potions of curing
 i - a potion of brilliance {unknown}
 k - 4 potions of mutation
 l - a potion of ambrosia {unknown}
 n - a potion of attraction {unknown}
 C - a potion of invisibility {unknown}
 G - a potion of flight {unknown}


   Skills:
 + Level 5.7 Fighting
 * Level 6.9 Axes
 * Level 7.4 Armour
 + Level 5.7 Shields


You had 7 spell levels left.
You didn't know any spells.
Your spell library contained the following spells:

 Spells                   Type           Power      Damage    Failure   Level
 Cigotuvi's Dreadful Rot  Necr/Pois/Air  0%         N/A       98%         2
 Ensorcelled Hibernation  Hex/Ice        0%         N/A       98%         2
 Passwall                 Tmut/Erth      0%         N/A       98%         2
 Swiftness                Air            0%         N/A       100%        3
 Dispel Undead            Necr           0%         3d6       100%        4
 Borgnjor's Vile Clutch   Necr/Erth      0%         N/A       100%        5
 Borgnjor's Revivificati  Necr           0%         N/A       100%        8


Dungeon Overview and Level Annotations

Branches:
Dungeon (6/15)
 Temple: D:4-7

Altars:
Hepliaklqana
Trog
Vehumet
The Shining One

Shops:
D:1 *   D:6 *


Innate Abilities, Weirdness & Mutations

You have a pair of large horns on your head.
You reflexively headbutt those who attack you in melee.
Your mind is acute. (Int +4, Str/Dex -1)
You are clumsy. (Dex -2)


Message History

The hound is severely wounded.
The hound bites you but does no damage. You block the hound's attack.
You closely miss the hound. You headbutt the hound.
You kill the hound!
You have reached level 8!
You feel stronger.
A steam dragon comes into view.
The steam dragon hisses angrily.
The steam dragon breathes steam at you. The ball of steam hits you!!
The steam dragon moves out of view.
You are engulfed in a cloud of scalding steam.
You are engulfed in a cloud of scalding steam.
The steam dragon bites you. You block the steam dragon's attack.
You hit the steam dragon but do no damage.
You are engulfed in a cloud of scalding steam.
You block the steam dragon's attack. The steam dragon closely misses you.
You closely miss the steam dragon. The steam dragon bites you.
The steam dragon claws you. The steam dragon breathes steam at you.
The ball of steam hits you!
* * * LOW HITPOINT WARNING * * *
You slash the steam dragon!
The steam dragon is moderately wounded.
You are engulfed in a cloud of scalding steam.
* * * LOW HITPOINT WARNING * * *
You block the steam dragon's attack. x2
You hit the steam dragon but do no damage.
The steam dragon is moderately wounded.
You are engulfed in a cloud of scalding steam.
The steam dragon bites you but does no damage.
You block the steam dragon's attack.
It was a potion of curing.
You feel better.
You are engulfed in a cloud of scalding steam.
The steam dragon bites you!
* * * LOW HITPOINT WARNING * * *
You block the steam dragon's attack.
It was a potion of mutation.
You feel extremely strange. The horns on your head grow some more.
You feel clumsy.
You feel clever.
You are engulfed in a cloud of scalding steam.
You die...

... #....... .
####...# ##.## ## ####
#.# # #. ..# ####.#
#.##.####.# #....#
#......##.######.#####
#D#.##.....##.# #.
#.@....###.##.####.
###....# #....##.#.
####.###.####....
#.....# ##.#. #######
#.#. #.#. ###.##
#..... #.##.#


You could see a steam dragon.

Vanquished Creatures
  Grinder (D:5)
  A water moccasin (D:6)
  Duvessa (D:5)
  A sky beast (D:6)
  2 ogres (D:5)
  A scorpion (D:5)
  Dowan (D:5)
  A jelly (D:5)
  A hound (D:6)
  3 iguanas (D:5)
  4 adders
  5 worms
  4 dart slugs
  9 orcs
  5 bats
  7 endoplasms
  3 giant cockroaches
  3 hobgoblins
  3 jackals (D:4)
  4 ball pythons
  A frilled lizard (D:2)
  8 goblins
  9 kobolds
  4 rats
82 creatures vanquished.

Vanquished Creatures (others)
  3 plants (D:1)
3 creatures vanquished.

Grand Total: 85 creatures vanquished

Notes
Turn   | Place    | Note
-------+----------+-------------------------------------------
     0 | D:1      | Citaku the Minotaur Fighter began the quest for the Orb.
     0 | D:1      | Reached XP level 1. HP: 19/19 MP: 0/0
   362 | D:1      | Found Etutiv's Assorted Antiques.
   472 | D:1      | Reached XP level 2. HP: 23/27 MP: 1/1
   478 | D:1      | Reached skill level 4 in Armour
   663 | D:2      | Got Zonguldrok's Monograph on Skeletons
   851 | D:2      | Reached XP level 3. HP: 33/33 MP: 2/2
  1479 | D:3      | Reached XP level 4. HP: 29/40 MP: 3/3
  1702 | D:3      | Found a hazy altar of Hepliaklqana.
  1880 | D:4      | Found a glowing golden altar of the Shining One.
  2395 | D:5      | Entered Level 5 of the Dungeon
  2396 | D:5      | Noticed a scorpion
  2403 | D:5      | Killed a scorpion
  2404 | D:5      | Reached skill level 5 in Armour
  2404 | D:5      | Reached XP level 5. HP: 47/47 MP: 4/4
  2458 | D:5      | Noticed Dowan
  2459 | D:5      | Noticed Duvessa
  2469 | D:5      | Killed Dowan
  2495 | D:5      | Found a radiant altar of Vehumet.
  2496 | D:5      | Noticed an ogre
  2501 | D:5      | Killed an ogre
  2502 | D:5      | Reached XP level 6. HP: 53/53 MP: 5/5
  2506 | D:5      | Reached skill level 5 in Axes
  2515 | D:5      | Killed Duvessa
  2516 | D:5      | Reached skill level 5 in Fighting
  2516 | D:5      | Reached skill level 6 in Armour
  2516 | D:5      | Reached skill level 5 in Shields
  2519 | D:5      | Reached XP level 7. HP: 8/61 MP: 6/6
  2828 | D:5      | Noticed Grinder
  2837 | D:5      | Killed Grinder
  3236 | D:6      | Found Weung's Overcharged Wands.
  3243 | D:6      | Reached skill level 7 in Armour
  3326 | D:6      | Found a bloodstained altar of Trog.
  3760 | D:6      | Reached XP level 8. HP: 69/70 MP: 7/7
  3805 | D:6      | Gained mutation: You have a pair of large horns on your
                  | head. [potion of mutation]
  3805 | D:6      | Gained mutation: You are clumsy. (Dex -2) [potion of
                  | mutation]
  3805 | D:6      | Gained mutation: Your mind is acute. (Int +4, Str/Dex -1)
                  | [potion of mutation]
  3805 | D:6      | Engulfed by a steam dragon's steam

Illustrated notes

Levels and vault maps discovered:
D:1:      eino_arrival_tree_alley, layout_loops_ring, serial_shops,
          shop_fountains, minmay_liquid_box, serial_bayou_pond_b,
          minmay_misc_feat_nine_boxes, minmay_misc_feat_x
D:2:      layout_basic
D:3:      minmay_wonky_spiral, layout_rooms, nzn_hepliaklqana_mist_gate
D:4:      layout_basic, marbit_many_paths, minivault_4,
          kennysheep_cross_bottleneck, glass_columns_c
D:5:      layout_gridville, vehumet_crystals, uniq_duvessa, uniq_grinder
D:6:      layout_loops_cross, trog_book, nicolae_shop_overcharged_wands

Skill      XL: |  1  2  3  4  5  6  7 |
---------------+----------------------+-----
Armour         | 4 5 6 7 |  7.4
Axes           | 3 4 5 6 |  6.9
Fighting       | 4 5 |  5.7
Shields        | 4 5 |  5.7

Action                   |  1- 3 |  4- 6 |  7- 9 || total
-------------------------+-------+-------+-------++-------
Melee: War axe           |    62 |    68 |    60 ||   190
       Headbutt          |    13 |     8 |    14 ||    35
  Use: Potion            |       |     2 |     2 ||     4
Armor: Scale mail        |    23 |    37 |    19 ||    79
Dodge: Dodged            |    27 |    22 |    14 ||    63
Block: Buckler           |     9 |    38 |       ||    47
       Reflection        |       |     2 |       ||     2
       Kite shield       |       |       |    46 ||    46

Table legend: (Time is in decaauts)
 A = Elapsed time spent in this place.
 B = Non-inter-level travel time spent in this place.
 C = Inter-level travel time spent in this place.
 D = Time resting spent in this place.
 E = Time spent auto-exploring this place.
 F = Levels seen in this place.
 G = Mean time per level.
                   A        B        C        D        E       F      G
               +--------+--------+--------+--------+--------+-----+--------+
         Total |   3876 |   3771 |    105 |     63 |   3119 |   6 |  646.0 |
       Dungeon |   3876 |   3771 |    105 |     63 |   3119 |   6 |  646.0 |
               +--------+--------+--------+--------+--------+-----+--------+

Top non-repeatable levels by time:
     D:5: 776 daAuts
     D:2: 691 daAuts
     D:6: 659 daAuts
     D:1: 637 daAuts
     D:4: 569 daAuts
     D:3: 542 daAuts
